 Dungeon Sprint DCSS version 0.27-a0-277-g024f7ef292 (webtiles) character file.

Game seed: 9380545390007368643

69582 mhtbhm the Executioner (level 14, -19/157 HPs)
             Began as a Minotaur Fighter on Feb 6, 2021.
             Was the Champion of Trog.
             Killed from afar by a Hell Sentinel (23 damage)
             ... with damnation
             ... summoned by Dispater
             ... in the Dungeon (Sprint VII: "The Pits").
             The game lasted 00:10:53 (5950 turns).

mhtbhm the Executioner (Minotaur Fighter)           Turns: 5950, Time: 00:10:53

Health: -19/157    AC: 29    Str: 29    XL:     14   Next: 90%
Magic:  8/13       EV: 13    Int:  5    God:    Trog [******]
Gold:   47         SH: 17    Dex: 12    Spells: 13/13 levels left

rFire    . . .     SeeInvis .   a - +13 war axe of Unpleasantness {flame, Str+2}
rCold    + . .     Faith    .   c - +0 kite shield
rNeg     . . .     Spirit   .   b - +4 plate armour {rC+}
rPois    .         Reflect  .   (helmet restricted)
rElec    .         Harm     .   q - +0 cloak
rCorr    .         Rampage  .   r - +0 pair of gloves
Will     +....     NoTele   +   (no boots)
Stlth    ..........             (no amulet)
HPRegen  0.36/turn              n - +3 ring of strength
MPRegen  0.13/turn              o - +3 ring of protection

@: berserk cooldown, slowed, very slow
A: retaliatory headbutt, horns 2
a: Renounce Religion, Berserk, Trog's Hand, Brothers in Arms


You were in the Dungeon.
You worshipped Trog.
Trog was exalted by your worship.
You visited 1 branch You collected 47 gold pieces.

Inventory:

Hand Weapons
 a - the +13 war axe of Unpleasantness (weapon) {flame, Str+2}
   (Trog gifted it to you in the Dungeon)

   It has been specially enchanted to burn those struck by it, causing extra
   injury to most foes and up to half again as much damage against particularly
   susceptible opponents.
   Big, fiery blades are also staple armaments of hydra-hunters.
   It affects your strength (+2).
Armour
 b - a +4 plate armour of cold resistance (worn)
 c - a +0 kite shield (worn)
 q - a +0 cloak (worn)
 r - a +0 pair of gloves (worn)
Jewellery
 j - an uncursed ring of willpower
 n - a +3 ring of strength (left hand)
 o - a +3 ring of protection (right hand)
 s - an uncursed amulet of faith
 w - an uncursed ring of protection from fire
Scrolls
 l - 3 scrolls of remove curse
 m - a scroll of summoning
 t - a scroll of enchant weapon
 u - 5 scrolls of enchant armour
 x - 6 scrolls of identify
Potions
 d - 2 potions of might
 e - 10 potions of curing
 f - 2 potions of heal wounds
 g - a potion of haste
 h - 5 potions of magic
 i - 4 potions of berserk rage
 k - a potion of invisibility
 p - 2 potions of mutation
 v - a potion of ambrosia
Miscellaneous
 z - a phantom mirror


   Skills:
 + Level 23.2 Fighting
 + Level 24.2 Axes
 + Level 20.0 Armour
 + Level 11.2 Dodging
 + Level 12.0 Stealth
 + Level 21.6 Shields
 + Level 1.5 Evocations


You had 13 spell levels left.
You didn't know any spells.
Your spell library was empty.

Dungeon Overview and Level Annotations

Branches:
Dungeon (1/1)

Altars:
Cheibriados
Dithmenos
Elyvilon
Fedhas
Gozag
Hepliaklqana
Makhleb
Nemelex Xobeh
Okawaru
Qazlal
Ru
Sif Muna
Trog
Vehumet
Wu Jian
Xom
Yredelemnul
Zin
The Shining One
Beogh
Jiyva
Lugonu

Annotations:
D Dispater


Innate Abilities, Weirdness & Mutations

You reflexively headbutt those who attack you in melee.
You have a pair of horns on your head.


Message History

* * * LOW HITPOINT WARNING * * *
Unknown command.
You feel much better. The Hell Sentinel gestures at you.
You block the iron shot. The Hell Sentinel hits you!
* * * LOW HITPOINT WARNING * * *
The Hell Sentinel hits you!
* * * LOW HITPOINT WARNING * * *
The Hell Sentinel barely misses you. You furiously retaliate!
You headbutt the Hell Sentinel, but do no damage.
The Hell Sentinel hits you but does no damage.
The Hell Sentinel hits you!
* * * LOW HITPOINT WARNING * * *
The Hell Sentinel closely misses you.
Blink to where?
Press: ? - help, Dir - move target
As you read the scroll of blinking, it crumbles to dust.
The Hell Sentinel gestures at you.
The sphere of damnation explodes!
The damnation engulfs you!!
You die...

#.# #'# #.# #'# #(#
#)# ### ### #+# #.#
##.###.###.###.###'#
+..&'1.[')).@...##.##
#+.##1.##))##[)##...#
#.###.###.##''...# ##
## ## ####[## #'# #)#
#'# #.# #'#


You could see 2 Hell Sentinels.

Vanquished Creatures
  An ancient lich (D)
  2 pandemonium lords (D)
  A Killer Klown (D)
  2 Brimstone Fiends (D)
  3 pearl dragons (D)
  An electric golem (D)
  A deep elf master archer (D)
  A titan (D)
  A death cob (D)
  A nagaraja (D)
  A ghost moth (D)
  A balrug (D)
  A draconian scorcher (D)
  A draconian shifter (D)
  A stone giant (D)
  A green draconian (D)
  A green death (D)
  A deep elf death mage (D)
  A death knight (D)
  An orc high priest (D)
  A cherub (D)
  A shadow wraith (D)
  A glowing orange brain (shapeshifter) (D)
  A sea snake (D)
  A flayed ghost (D)
  2 phantasmal warriors (D)
  An orc sorcerer (D)
  2 manticores (D)
  An eye of devastation (D)
  A cyclops (D)
  2 naga magi (D)
  A molten gargoyle (D)
  A rime drake (D)
  2 kobold demonologists (D)
  A yaktaur (D)
  An efreet (D)
  2 red devils (D)
  A freezing wraith (D)
  A komodo dragon (D)
  A hellwing (D)
  A guardian mummy (D)
  Prince Ribbit (D)
  A hornet (D)
  3 jumping spiders (D)
  10 dream sheep (D)
  A shadow (D)
  A tarantella (D)
  A spriggan (D)
  A wyvern (D)
  A fire elemental (D)
  3 yaks (D)
  2 nagas (D)
  2 acid dragons (D)
  5 hell hounds (D)
  3 floating eyes (D)
  4 orc warriors (D)
  An eye of draining (D)
  A sky beast (D)
  A black bear (D)
  A necrophage (D)
  A centaur (D)
  3 scorpions (D)
  A crimson imp (D)
  2 quasits (D)
  4 orc priests (D)
  Ijyb (D)
  4 orc wizards (D)
  2 worker ants (D)
  3 adders (D)
  A white imp (D)
  An ooze (D)
  A leopard gecko (D)
  An orc (D)
  A bat zombie (D)
  A goblin (D)
  2 hobgoblins (D)
  3 kobolds (D)
  A frilled lizard (D)
  A rat (D)
  A fire vortex (D)
128 creatures vanquished.

Vanquished Creatures (collateral kills)
  A deep elf blademaster (D)
  A deep elf sorcerer (D)
  A catoblepas (D)
  An alligator snapping turtle (D)
  A guardian serpent (D)
  A wind drake (D)
  A vampire (D)
7 creatures vanquished.

Vanquished Creatures (others)
  A pandemonium lord (D)
  A dream sheep (D)
  A necrophage (D)
  An orc warrior (D)
  An earth elemental (D)
  A river rat (D)
  2 fire vortices (D)
8 creatures vanquished.

Grand Total: 143 creatures vanquished

Notes
Turn   | Place    | Note
-------+----------+-------------------------------------------
     0 | D        | mhtbhm the Minotaur Fighter began the quest for the Orb.
     0 | D        | Reached XP level 1. HP: 19/19 MP: 0/0
     8 | D        | Noticed a worker ant
    14 | D        | Killed a worker ant
    15 | D        | Reached skill level 5 in Fighting
    15 | D        | Reached skill level 3 in Axes
    15 | D        | Reached skill level 5 in Armour
    15 | D        | Reached skill level 5 in Shields
    15 | D        | Reached XP level 2. HP: 24/29 MP: 1/1
    21 | D        | Found a bloodstained altar of Trog.
    21 | D        | Found a shimmering blue altar of Sif Muna.
    21 | D        | Found a viscous altar of Jiyva.
    21 | D        | Found a hazy altar of Hepliaklqana.
    21 | D        | Found an opulent altar of Gozag.
    22 | D        | Found a glowing golden altar of the Shining One.
    22 | D        | Found a glowing silver altar of Zin.
    22 | D        | Found a basalt altar of Yredelemnul.
    22 | D        | Found a shimmering altar of Xom.
    22 | D        | Found an ornate altar of the Wu Jian Council.
    22 | D        | Found a sacrificial altar of Ru.
    22 | D        | Found a stormy altar of Qazlal.
    22 | D        | Found an iron altar of Okawaru.
    22 | D        | Found a sparkling altar of Nemelex Xobeh.
    22 | D        | Found a burning altar of Makhleb.
    22 | D        | Found a blossoming altar of Fedhas.
    22 | D        | Found a white marble altar of Elyvilon.
    22 | D        | Found a shadowy altar of Dithmenos.
    22 | D        | Found a snail-covered altar of Cheibriados.
    24 | D        | Found a radiant altar of Vehumet.
    24 | D        | Found a corrupted altar of Lugonu.
    24 | D        | Found a roughly hewn altar of Beogh.
    26 | D        | Became a worshipper of Trog the Wrathful
    66 | D        | Reached XP level 3. HP: 33/36 MP: 2/2
   189 | D        | Reached * piety under Trog
   192 | D        | Reached skill level 4 in Axes
   200 | D        | Noticed a floating eye
   202 | D        | Paralysed by a floating eye for 4 turns
   206 | D        | Reached ** piety under Trog
   210 | D        | Paralysed by a floating eye for 3 turns
   215 | D        | Killed a floating eye
   216 | D        | Reached skill level 6 in Axes
   216 | D        | Reached skill level 1 in Dodging
   216 | D        | Reached XP level 4. HP: 30/47 MP: 3/3
   216 | D        | Reached XP level 5. HP: 34/52 MP: 4/4
   492 | D        | Noticed a sky beast
   497 | D        | Reached *** piety under Trog
   501 | D        | Reached skill level 7 in Axes
   506 | D        | Reached XP level 6. HP: 62/62 MP: 5/5
   509 | D        | Killed a sky beast
   510 | D        | Reached skill level 8 in Axes
   515 | D        | Reached **** piety under Trog
   521 | D        | Reached skill level 9 in Axes
   669 | D        | Noticed a shadow
   679 | D        | Killed a shadow
   680 | D        | Reached skill level 10 in Axes
   680 | D        | Reached skill level 10 in Armour
   680 | D        | Reached XP level 7. HP: 43/70 MP: 6/6
   909 | D        | Reached ***** piety under Trog
   913 | D        | Paralysed by a floating eye for 3 turns
   920 | D        | Reached skill level 10 in Fighting
   920 | D        | Reached skill level 11 in Axes
   920 | D        | Reached skill level 1 in Stealth
  1117 | D        | Noticed a jumping spider
  1128 | D        | HP: 2/72 [something (21)]
  1135 | D        | Killed a jumping spider
  1136 | D        | Reached skill level 10 in Shields
  1136 | D        | Reached XP level 8. HP: 26/80 MP: 7/7
  1171 | D        | Killed a shadow wraith
  1172 | D        | Reached skill level 12 in Axes
  1660 | D        | Paralysed by a floating eye for 3 turns
  1664 | D        | Received a gift from Trog
  1665 | D        | Reached skill level 13 in Axes
  1665 | D        | Reached skill level 5 in Dodging
  1713 | D        | Noticed a phantasmal warrior
  1713 | D        | Noticed a nagaraja
  1717 | D        | Killed a phantasmal warrior
  1718 | D        | Reached XP level 9. HP: 63/90 MP: 8/8
  1721 | D        | Killed a nagaraja
  1722 | D        | Reached skill level 15 in Axes
  1981 | D        | Noticed a cyclops
  1984 | D        | Noticed a spriggan rider
  1989 | D        | Killed a cyclops
  1990 | D        | Reached XP level 10. HP: 95/102 MP: 9/9
  2119 | D        | Noticed a death knight
  2123 | D        | Reached ****** piety under Trog
  2123 | D        | Received a gift from Trog
  2130 | D        | Killed a death knight
  2131 | D        | Reached skill level 16 in Axes
  2138 | D        | Got a polished hand axe {god gift}
  2139 | D        | Identified the +3 hand axe of Heresy {antimagic, rPois
                  | Stlth+} (Trog gifted it to you in the Dungeon)
  2203 | D        | Noticed an eye of devastation
  2203 | D        | Noticed an orc sorcerer
  2210 | D        | Killed an orc sorcerer
  2210 | D        | Killed an eye of devastation
  2280 | D        | Noticed a soul eater
  2287 | D        | Received a gift from Trog
  2291 | D        | Reached skill level 15 in Fighting
  2390 | D        | Noticed a molten gargoyle
  2390 | D        | Noticed a manticore
  2394 | D        | Reached skill level 17 in Axes
  2396 | D        | Killed a molten gargoyle
  2398 | D        | Killed a manticore
  2398 | D        | Received a gift from Trog
  2399 | D        | Noticed a manticore
  2406 | D        | Killed a manticore
  2407 | D        | Reached XP level 11. HP: 99/113 MP: 10/10
  2420 | D        | Received a gift from Trog
  2423 | D        | Reached skill level 18 in Axes
  2427 | D        | Got a polished war axe {god gift}
  2428 | D        | Identified the +7 war axe of Eriadgha {flame, rF+ rN+ MP-9}
                  | (Trog gifted it to you in the Dungeon)
  2543 | D        | Noticed Prince Ribbit
  2549 | D        | Received a gift from Trog
  2553 | D        | Killed Prince Ribbit
  2571 | D        | Received a gift from Trog
  2638 | D        | Reached skill level 19 in Axes
  2807 | D        | Killed a ghost moth
  2808 | D        | Reached skill level 15 in Shields
  2818 | D        | Noticed a catoblepas
  2841 | D        | Killed a catoblepas
  2841 | D        | Received a gift from Trog
  3201 | D        | Noticed Ijyb
  3201 | D        | Noticed a phantasmal warrior
  3201 | D        | Noticed a flayed ghost
  3201 | D        | Noticed an orc high priest
  3202 | D        | Killed Ijyb
  3214 | D        | Killed a phantasmal warrior
  3215 | D        | Killed an orc high priest
  3215 | D        | Received a gift from Trog
  3216 | D        | Reached XP level 12. HP: 90/125 MP: 2/11
  3227 | D        | Received a gift from Trog
  3228 | D        | Reached skill level 5 in Stealth
  3235 | D        | Received a gift from Trog
  3517 | D        | Noticed a deep elf death mage
  3517 | D        | Noticed a deep elf sorcerer
  3517 | D        | Noticed a death cob
  3526 | D        | Killed a death cob
  3527 | D        | Reached skill level 20 in Axes
  3527 | D        | Reached skill level 15 in Armour
  3531 | D        | Killed a deep elf death mage
  3535 | D        | Killed a deep elf sorcerer
  3536 | D        | Received a gift from Trog
  3870 | D        | Noticed a pearl dragon
  3884 | D        | Killed a pearl dragon
  4017 | D        | Noticed a Killer Klown
  4025 | D        | Killed a Killer Klown
  4026 | D        | Reached skill level 21 in Axes
  4026 | D        | Reached skill level 10 in Stealth
  4026 | D        | Reached XP level 13. HP: 136/136 MP: 3/12
  4075 | D        | Noticed an electric golem
  4087 | D        | Killed an electric golem
  4087 | D        | Received a gift from Trog
  4215 | D        | Noticed a green death
  4221 | D        | Killed a green death
  4222 | D        | Reached skill level 10 in Dodging
  4224 | D        | Noticed Heyragal the pandemonium lord
  4250 | D        | Killed Heyragal the pandemonium lord
  4426 | D        | Noticed Piruen the pandemonium lord
  4428 | D        | Noticed a blizzard demon
  4444 | D        | Killed Piruen the pandemonium lord
  4445 | D        | Reached skill level 22 in Axes
  4636 | D        | Noticed a deep elf blademaster
  4636 | D        | Noticed Paitiq the pandemonium lord
  4636 | D        | Noticed a green draconian
  4636 | D        | Noticed a titan
  4636 | D        | Noticed a Brimstone Fiend
  4641 | D        | Killed a Brimstone Fiend
  4647 | D        | Killed a titan
  4647 | D        | Received a gift from Trog
  4653 | D        | Killed a green draconian
  4669 | D        | Killed a deep elf blademaster
  4670 | D        | Reached XP level 14. HP: 80/151 MP: 4/13
  4674 | D        | Killed Paitiq the pandemonium lord
  5037 | D        | Noticed an ancient lich
  5053 | D        | Killed an ancient lich
  5054 | D        | Reached skill level 23 in Axes
  5103 | D        | Noticed a stone giant
  5107 | D        | Killed a stone giant
  5107 | D        | Received a gift from Trog
  5109 | D        | Noticed a purple draconian shifter
  5129 | D        | Killed a purple draconian shifter
  5130 | D        | Reached skill level 1 in Evocations
  5185 | D        | Noticed a Brimstone Fiend
  5192 | D        | Killed a Brimstone Fiend
  5289 | D        | Noticed a pearl dragon
  5297 | D        | Killed a pearl dragon
  5385 | D        | Noticed a yellow draconian scorcher
  5390 | D        | Killed a yellow draconian scorcher
  5390 | D        | Received a gift from Trog
  5446 | D        | Noticed a balrug
  5455 | D        | Killed a balrug
  5689 | D        | Noticed a deep elf master archer
  5693 | D        | Killed a deep elf master archer
  5694 | D        | Reached skill level 24 in Axes
  5816 | D        | Noticed a pearl dragon
  5828 | D        | Killed a pearl dragon
  5908 | D        | Received a gift from Trog
  5912 | D        | Got a slimy war axe {god gift}
  5913 | D        | Identified the +13 war axe of Unpleasantness {flame, Str+2}
                  | (Trog gifted it to you in the Dungeon)
  5918 | D        | Found the +4 staff of Dispater
  5918 | D        | Noticed Dispater
  5928 | D        | Noticed a Hell Sentinel
  5946 | D        | Noticed a Hell Sentinel
  5946 | D        | HP: 7/157 [Hell Sentinel/damnation[Dispater] (37)]
  5949 | D        | HP: 3/157 [Hell Sentinel[Dispater] (8)]
  5950 | D        | Killed from afar by a Hell Sentinel

Illustrated notes

Levels and vault maps discovered:
D:        pitsprint [storerooms_1, entrance_room_1, metal_vault_7, armoury_1,
          mini_pit_1, grid_room_1, main_hall_1, silver_pit, the_coven_2,
          the_vestibule_1, steel_vault_2, golden_pit, hallway_of_sentries,
          crystal_vault_2, iron_vault_1, final_vault]

Skill      XL: |  1  2  3  4  5  6  7  8  9 10 11 12 13 14 |
---------------+-------------------------------------------+-----
Fighting       | 5 7 8 9 10 12 13 15 17 18 21 23 | 23.2
Axes           | 3 6 7 10 11 13 15 17 19 21 22 24 | 24.2
Armour         | 5 7 8 10 11 12 13 14 15 17 20 | 20.0
Shields        | 5 7 8 9 10 11 12 13 15 17 19 21 | 21.6
Dodging        | 1 3 4 5 6 7 8 9 10 11 | 11.2
Stealth        | 1 2 4 10 11 12 | 12.0
Evocations     | 1 |  1.5

Action                   |  1- 3 |  4- 6 |  7- 9 | 10-12 | 13-15 || total
-------------------------+-------+-------+-------+-------+-------++-------
Melee: War axe           |     5 |       |     4 |   113 |   187 ||   309
       Hand axe          |    25 |    34 |    28 |       |       ||    87
       Headbutt          |     3 |     4 |    10 |    30 |    62 ||   109
       Broad axe         |       |       |    13 |    44 |       ||    57
Invok: Berserk           |     1 |     1 |     3 |     8 |    10 ||    23
       Brothers in Arms  |       |       |     1 |     2 |     1 ||     4
Evoke: Phantom mirror    |       |       |       |       |     1 ||     1
  Use: Potion            |       |       |     5 |     9 |     3 ||    17
       Scroll            |       |       |       |     2 |     1 ||     3
 Stab: Petrified         |       |       |       |     6 |       ||     6
       Invisible         |       |       |       |    11 |       ||    11
       Distracted        |       |       |       |     1 |       ||     1
Armor: Scale mail        |    18 |       |       |       |       ||    18
       Ring mail         |       |    19 |    16 |       |       ||    35
       Chain mail        |       |       |     5 |    71 |       ||    76
       Plate armour      |       |       |       |     3 |    66 ||    69
Dodge: Dodged            |     4 |    10 |    14 |    54 |    32 ||   114
Block: Kite shield       |    14 |    15 |    17 |   106 |    69 ||   221

Table legend: (Time is in decaauts)
 A = Elapsed time spent in this place.
 B = Non-inter-level travel time spent in this place.
 C = Inter-level travel time spent in this place.
 D = Time resting spent in this place.
 E = Time spent auto-exploring this place.
 F = Levels seen in this place.
 G = Mean time per level.
                   A        B        C        D        E       F      G
               +--------+--------+--------+--------+--------+-----+--------+
         Total |   6105 |   6105 |      0 |   4575 |     32 |   1 | 6105.0 |
       Dungeon |   6105 |   6105 |      0 |   4575 |     32 |   1 | 6105.0 |
               +--------+--------+--------+--------+--------+-----+--------+

Top non-repeatable levels by time:
       D: 6105 daAuts
